 Dungeon Crawl Stone Soup version 0.31-a0-640-g39d97e502b (webtiles) character file.

Game seed: 9829317317894587765

92 ytrimaz the Insei (level 4, -6/28 HPs)
             Began as an Octopode Shapeshifter on Aug 28, 2023.
             Mangled by a goblin
             ... wielding a +3 dagger
             ... led by Robin
              (9 damage)
             ... on level 3 of the Dungeon.
             The game lasted 00:01:45 (1979 turns).

ytrimaz the Insei (Octopode Shapeshifter)           Turns: 1979, Time: 00:01:46

Health: -6/28      AC:  1    Str: 13    XL:     4   Next: 60%
Magic:  4/4        EV: 13    Int: 12    God:
Gold:   95         SH:  0    Dex: 13    Spells: 3/3 levels left

rFire   . .          .
                       - Unarmed
rCold   . . .        (no shield)
rNeg    . . .        (helmet currently unavailable)
rPois   .            (no amulet)
rElec   .            (no ring)
rCorr   .            (no ring)
SInv    .            (no ring)
Will    .....        (no ring)
Stlth   ++           (no ring)
HPRegen 0.24/turn    (no ring)
MPRegen 0.09/turn    (no ring)
                     (no ring)

%: no passive effects
@: brilliant, beast-form
A: beast (slay +2), almost no armour, amphibious, 8 rings, camouflage 1,
gelatinous body 1, (nimble swimmer 1), tentacles
a: Begin Untransformation


You were on level 3 of the Dungeon.
You were a hulking beast.
You visited 1 branch of the dungeon, and saw 3 of its levels.

You collected 95 gold pieces.


Innate Abilities, Weirdness & Mutations

You are a hulking beast.
Your limbs bulge with bestial killing power. (Slay +2)
You cannot wear most types of armour.
You are amphibious.
You can wear up to eight rings at the same time.
Your skin changes colour to match your surroundings (Stealth+).
Your rubbery body absorbs attacks. (AC +1, EV +1)
((You are camouflaged when in or above water. (Stealth+)))
You have tentacles for arms and can constrict up to eight enemies at once.


   Skills:
 - Level 1.0 Fighting
 - Level 2.0 Dodging
 + Level 4.2 Unarmed Combat
 + Level 4.1 Shapeshifting


You had 3 spell levels left.
You didn't know any spells.
Your spell library contained the following spells:

 Spells                   Type           Power      Damage    Failure   Level
 Summon Small Mammal      Summ           0%         N/A       32%         1
 Call Canine Familiar     Summ           0%         N/A       69%         3
 Summon Guardian Golem    Hex/Summ       0%         N/A       69%         3

Inventory:

Talismans
 b - a beast talisman (active)
 c - a flux talisman
Scrolls
 e - a scroll of teleportation {unknown}
 g - 3 scrolls of immolation {unknown}
 h - a scroll of noise {unknown}
 j - a scroll of enchant weapon {unknown}
 p - a scroll of fog {unknown}
 q - a scroll of fear {unknown}
Potions
 a - a potion of lignification
 d - a potion of heal wounds
 f - 2 potions of brilliance
 i - a potion of degeneration {unknown}
 k - a potion of enlightenment {unknown}
 l - a potion of berserk rage {unknown}
 m - a potion of might {unknown}
 n - a potion of magic {unknown}
 o - a potion of resistance {unknown}

Dungeon Overview and Level Annotations

Branches:
Dungeon (3/15) Zot: 16028

Altars:

Annotations:
D:3 Robin

## #. #.#### .....
#...## #.... .# #..#
gg #)# g# .######h# .#
#. ......gJ## g# ..#
#######gg# .# .#.#
#..##.#..... ######
###........#
#....####......).#.##
#.....................
#.........##..#.##.###
#.....######....# #


You could see Robin, an endoplasm and 2 goblins.


Message History

Robin roars a battlecry!
The goblins go into a battle-frenzy!
A hobgoblin comes into view.
The goblin hits you with a +0 dagger. 😕 HP[-3]
You take 3 damage, and now have 24/28 hp.
Unknown command.
You tentacle-slap the giant cockroach.
You kill the giant cockroach!
Robin throws the goblin at you!
A hobgoblin comes into view.
The goblin barely misses you. The goblin misses you.
A hobgoblin comes into view.
A goblin comes into view. It is wielding a +3 dagger. 😕 HP[-2]
You take 2 damage, and now have 22/28 hp.
The hobgoblin shouts!
You tentacle-slap the goblin. Your grab misses the goblin.
Robin throws the goblin at you! The goblin barely misses you.
The goblin hits you with a +0 club. The goblin barely misses you. 😮 HP[-5]
You take 5 damage, and now have 17/28 hp.
Unknown command.
It was a potion of brilliance.
You feel clever all of a sudden. The goblin hits you with a +0 club.
* * * LOW HITPOINT WARNING * * *
The goblin hits you with a +0 dagger.
* * * LOW HITPOINT WARNING * * *
The goblin hits you with a +3 dagger!
* * * LOW HITPOINT WARNING * * *
😱 HP[-16]
You take 16 damage, and now have 1/28 hp.
MASSIVE DAMAGE!! (PAUSE)
The goblin closely misses you.
Unknown command.
Okay, then.
It was a potion of heal wounds.
You feel much better.
The goblin unwields a +0 dagger.
The goblin wields a +0 sling.
The goblin shoots a sling bullet.
The sling bullet misses you. The goblin misses you.
The endoplasm misses you. 😮 HP[+20]
You regained 20 hp, and now have 21/28 hp.
Unknown command. 😕 HP[+1]
The goblin shoots a sling bullet.
The sling bullet completely misses you. The goblin closely misses you.
The goblin attacks as it pursues you! The goblin hits you with a +0 club.
The goblin shoots a sling bullet.
The sling bullet hits you but does no damage.
You hear a shout! 😮 HP[-2]
You take 2 damage, and now have 20/28 hp.
You hear a shout!
The goblin attacks as it pursues you!
The goblin hits you with a +0 club. 😮 HP[-5]
You take 5 damage, and now have 15/28 hp.
A bat comes into view.
The bat moves out of view.
You closely miss the goblin. You grab the goblin. You constrict the goblin.
You kill the goblin!
Robin throws the goblin at you!
* * * LOW HITPOINT WARNING * * *
The endoplasm barely misses you.
The goblin unwields a +0 sling.
The goblin wields a +0 dagger.
The goblin barely misses you.
You see here a +0 club. 😨 HP[-2]
You take 2 damage, and now have 13/28 hp.
Unknown command.
You closely miss the goblin. Your grab misses the goblin.
You tentacle-slap the goblin. Robin throws the goblin at you!
The endoplasm closely misses you. The goblin misses you. x2 😨 HP[+1]
You bludgeon the goblin!
You kill the goblin!
The bat closely misses you. The endoplasm misses you.
A goblin comes into view. It is wielding a +0 club.
The goblin hits you with a +3 dagger.
* * * LOW HITPOINT WARNING * * *
😨 HP[-4]
You take 4 damage, and now have 10/28 hp.
Unknown command.
Unknown command.
You tentacle-slap the bat. You grab the bat. Your squeeze misses the bat.
You constrict the bat. The bat completely misses you.
The bat barely misses you. The endoplasm hits you.
* * * LOW HITPOINT WARNING * * *
Robin barely misses you. The goblin hits you with a +3 dagger.
* * * LOW HITPOINT WARNING * * *
😱 HP[-7]
You take 7 damage, and now have 3/28 hp.
MASSIVE DAMAGE!! (PAUSE)
You bludgeon the bat!
You kill the bat!
The goblin no longer looks unusually strong. x2
The endoplasm hits you but does no damage.
Robin roars a battlecry!
The goblins go into a battle-frenzy!
The goblin hits you with a +3 dagger!
You die...

Skill      XL: |  1  2  3  4 |
---------------+-------------+-----
Unarmed Combat | 4 |  4.2
Shapeshifting  | 4 |  4.1
Fighting       | |  1.0
Dodging        | |  2.0

Action                     |  1- 3 |  4- 6 || total
---------------------------+-------+-------++-------
  Melee: Unarmed           |    66 |    40 ||   106
         Tentacles         |    18 |     7 ||    25
         Constrict         |    18 |    10 ||    28
         Punch             |       |     3 ||     3
    Use: Potion            |       |     2 ||     2
   Stab: Sleeping          |     8 |     8 ||    16
 Armour: Skin              |     5 |     4 ||     9
  Dodge: Dodged            |    31 |    33 ||    64

Levels and vault maps discovered:
D:1:      dpeg_arrival_prison, layout_basic
D:2:      layout_basic, chequers_serial_rivers_room_b, minmay_misc_feat_rugged,
          nrook_mini_vaults, minmay_rat_hole
D:3:      layout_rooms, nicolae_dithmenos_the_darkroom, gammafunk_ghost_smash,
          uniq_robin

Notes
Turn   | Place    | Note
-------+----------+-------------------------------------------
     0 | D:1      | ytrimaz the Octopode Shapeshifter began the quest for the
                  | Orb.
     0 | D:1      | Reached XP level 1. HP: 13/13 MP: 1/1
     0 | D:1      | magus.rc [v1.9.6]
   117 | D:1      | Reached XP level 2. HP: 16/18 MP: 2/2
   552 | D:1      | Reached XP level 3. HP: 16/23 MP: 3/3
  1337 | D:2      | Reached XP level 4. HP: 28/28 MP: 4/4
  1351 | D:2      | Reached skill level 4 in Unarmed Combat
  1372 | D:2      | You pick up a book of Callings and begin reading...
  1372 | D:2      | You add the spells Summon Small Mammal, Call Canine
                  | Familiar and Summon Guardian Golem to your library.
  1440 | D:2      | Reached skill level 4 in Shapeshifting
  1959 | D:3      | Noticed Robin
  1965 | D:3      | HP: 1/28 [goblin/+3 dagger[Robin] (8)]
  1978 | D:3      | HP: 3/28 [goblin/+3 dagger[Robin] (6)]
  1979 | D:3      | Mangled by a goblin

Vanquished Creatures
  2 adders (D:2)
  A worm (D:2)
  2 dart slugs (D:1)
  4 endoplasms
  4 giant cockroaches
  8 goblins
  8 hobgoblins
  3 quokkas
  2 ball pythons
  7 bats
  A frilled lizard (D:2)
  2 kobolds
  25 rats
69 creatures vanquished.

Table legend:
 A = Non-vault XP
 B = Vault XP
 C = Vault XP percentage of total XP
 D = Non-vault monster count
 E = Vault monster count
 F = Vault count percentage of total count
                 A         B        C        D         E       F
            +---------+---------+-------+---------+---------+-------
      Total |     102 |      32 |  23.9 |      43 |      26 |  37.7
            +---------+---------+-------+---------+---------+-------
        D:1 |      42 |       4 |   8.7 |      23 |       3 |  11.5
        D:2 |      55 |      20 |  26.7 |      17 |      19 |  52.8
        D:3 |       5 |       8 |  61.5 |       3 |       4 |  57.1
            +---------+---------+-------+---------+---------+-------

Skill      XL: |  1  2  3  4 |
---------------+-------------+-----
Unarmed Combat | 4 |  4.2
Shapeshifting  | 4 |  4.1
Fighting       | |  1.0
Dodging        | |  2.0

Action                     |  1- 3 |  4- 6 || total
---------------------------+-------+-------++-------
  Melee: Unarmed           |    66 |    40 ||   106
         Tentacles         |    18 |     7 ||    25
         Constrict         |    18 |    10 ||    28
         Punch             |       |     3 ||     3
    Use: Potion            |       |     2 ||     2
   Stab: Sleeping          |     8 |     8 ||    16
 Armour: Skin              |     5 |     4 ||     9
  Dodge: Dodged            |    31 |    33 ||    64

Illustrated notes

Table legend:
 A = Kills in this place as a percentage of kills in the entire game.
 B = Kills by you in this place as a percentage of kills by you in the entire game.
 C = Kills by friends in this place as a percentage of kills by friends in the entire game.
 D = Other kills in this place as a percentage of other kills in the entire game.
 E = Experience gained in this place as a percentage of experience gained in the entire game.
 F = Experience gained in this place divided by the number of levels of this place that you have seen.
                   A       B       C       D       E      F
               +-------+-------+-------+-------+-------+----------------------
         Total | 100.0 | 100.0 |   N/A |   N/A | 100.0 |  44.7
       Dungeon | 100.0 | 100.0 |   N/A |   N/A | 100.0 |  44.7
               +-------+-------+-------+-------+-------+----------------------

Table legend: (Time is in decaauts)
 A = Elapsed time spent in this place.
 B = Non-inter-level travel time spent in this place.
 C = Inter-level travel time spent in this place.
 D = Time resting spent in this place.
 E = Time spent auto-exploring this place.
 F = Levels seen in this place.
 G = Mean time per level.
                   A        B        C        D        E       F      G
               +--------+--------+--------+--------+--------+-----+--------+
         Total |   1970 |   1934 |     36 |      0 |   1585 |   3 |  656.7 |
       Dungeon |   1970 |   1934 |     36 |      0 |   1585 |   3 |  656.7 |
               +--------+--------+--------+--------+--------+-----+--------+

Top non-repeatable levels by time:
     D:1: 968 daAuts
     D:2: 936 daAuts
     D:3: 65 daAuts
